 Dungeon Crawl Stone Soup version 0.29-a0-214-g17f627cfee (webtiles) character file.

Game seed: 15285862791632554998

935 mcwallace the Skirmisher (level 7, -11/54 (58) HPs)
             Began as a Demonspawn Fighter on Feb 25, 2022.
             Mangled by a wight
             ... wielding a +0 battleaxe
              (13 damage)
             ... on level 6 of the Dungeon.
             The game lasted 00:07:13 (6256 turns).

mcwallace the Skirmisher (Demonspawn Fighter)       Turns: 6256, Time: 00:07:13

HP:   -11/54 (58)   AC:  9    Str: 23    XL:     7   Next: 87%
MP:   7/7           EV: 11    Int:  9    God:
Gold: 222           SH:  5    Dex: 14    Spells: 6/6 levels left

rFire   . . .      SeeInvis .   s - +1 trident (vamp) {polearm}
rCold   . . .      Faith    .   c - +0 buckler
rNeg    . . .      Spirit   .   b - +0 scale mail
rPois   .          Reflect  .   (helmet restricted)
rElec   .          Harm     .   (no cloak)
rCorr   .          Rampage  .   (no gloves)
Will    .....                   (no boots)
Stlth   ..........              (no amulet)
HPRegen 0.18/turn               f - +6 ring of strength
MPRegen 0.10/turn               (no ring)

@: mighty, drained
A: antennae 2, rugged brown scales 2
a: no special abilities


You were on level 6 of the Dungeon.
You visited 1 branch of the dungeon, and saw 6 of its levels.

You collected 222 gold pieces.


Innate Abilities, Weirdness & Mutations

You have a pair of antennae on your head.
You are mostly covered in rugged brown scales. (AC +2, +5% HP)


   Skills:
 + Level 5.3 Fighting
 - Level 1.7 Axes
 + Level 4.8 Armour
 + Level 3.9 Dodging
 + Level 4.9 Shields


You had 6 spell levels left.
You didn't know any spells.
Your spell library contained the following spells:

 Spells                   Type           Power      Damage    Failure   Level
 Magic Dart               Conj           0%         1d3       77%         1
 Call Imp                 Summ           0%         N/A       88%         2
 Mephitic Cloud           Conj/Pois/Air  0%         N/A       98%         3

Inventory:

Hand Weapons
 a - a +0 war axe {axe}
 p - a +2 dagger of venom {short}
   (You took it off a goblin on level 2 of the Dungeon)
 q - a +0 club {mace}
   (You took it off a goblin on level 2 of the Dungeon)
 r - a +3 short sword {short}
   (You took it off a kobold on level 2 of the Dungeon)
 s - a +1 vampiric trident (weapon) {polearm}
   (You found it on level 3 of the Dungeon)
Missiles
 l - 158 stones (quivered) {throwing}
 Q - 2 boomerangs {throwing}
Armour
 b - a +0 scale mail (worn)
 c - a +0 buckler (worn)
 u - a +0 animal skin
   (You took it off Robin on level 3 of the Dungeon)
 v - a +0 ring mail
   (You took it off an orc on level 3 of the Dungeon)
 y - a +0 leather armour
   (You found it on level 3 of the Dungeon)
 B - a +0 ring mail
   (You found it on level 4 of the Dungeon)
 F - a +0 ring mail
   (You took it off an orc on level 4 of the Dungeon)
 K - a +0 leather armour
   (You took it off an orc on level 5 of the Dungeon)
 L - a +0 leather armour
   (You took it off an orc on level 5 of the Dungeon)
 M - a +0 chain mail
   (You took it off an orc on level 5 of the Dungeon)
 N - a +0 robe
   (You found it on level 5 of the Dungeon)
 O - a +0 ring mail
   (You took it off Ijyb on level 5 of the Dungeon)
 R - a +0 ring mail
   (You took it off an orc on level 5 of the Dungeon)
 S - a +0 robe
   (You took it off a gnoll shaman on level 5 of the Dungeon)
Jewellery
 f - a +6 ring of strength (left hand)
   (You found it on level 5 of the Dungeon)
Wands
 E - a wand of polymorph (9)
   (You found it on level 4 of the Dungeon)
 P - a wand of digging (4)
   (You took it off Ijyb on level 5 of the Dungeon)
 U - a wand of charming (5)
   (You found it on level 6 of the Dungeon)
Scrolls
 e - 3 scrolls of immolation {!r!r}
 h - 2 scrolls of enchant armour
 i - a scroll of magic mapping {unknown}
 n - a scroll of blinking {unknown}
 t - a scroll of silence {unknown}
 w - 3 scrolls of fear
 A - a scroll of enchant weapon
 C - a scroll of fog {unknown}
 D - a scroll of brand weapon {unknown}
 G - a scroll of teleportation {unknown}
 H - a scroll of vulnerability {unknown}
Potions
 d - a potion of might
 g - 3 potions of curing {@q1}
 j - 2 potions of resistance
 k - a potion of attraction {unknown}
 m - a potion of degeneration {unknown}
 o - 2 potions of mutation {!q}
 x - a potion of berserk rage {unknown}
 z - a potion of magic {unknown}
 I - 2 potions of invisibility
 J - a potion of flight {unknown}
 T - a potion of lignification {unknown}

Dungeon Overview and Level Annotations

Branches:
Dungeon (6/15)
 Temple: D:4-7

Altars:

Shops:
D:4 *   D:5 *

Annotations:
D:4 2 transporters, mcwallace's ghost, amateur TeSu

.........# #.#
#######..##### #.#
#......# #.#
#.####.# #†#
#####.# #.#
#.....####.# #.#
#.##.......# #.#
###.##.#########.#
#..........z@<...#
###.##.###########
#.##.# #.##.# {
#.##.# { {..##.#
####.# #.#


You could see a wight.


Message History

You see here a bullfrog corpse.
There is a stone staircase leading up here.
An iguana comes into view.
An iguana is nearby!
An iguana is nearby!
An iguana is nearby!
You reach to attack!
You hit the iguana but do no damage.
A hound comes into view.
The hound barks!
You hit the iguana but do no damage. The iguana bites you! 😕 HP[-8]
You take 8 damage, and now have 50/58 hp.
You closely miss the iguana.
The iguana bites you but does no damage.
You block the iguana's attack.
You hit the hound but do no damage. The hound bites you but does no damage.
You block the hound's attack. The iguana barely misses you. 😕 HP[+1]
You hit the hound.
You feel better. The hound bites you but does no damage.
The hound barely misses you.
The iguana bites you but does no damage.
The hound bites you. 😕 HP[+5]
You regained 5 hp, and now have 56/58 hp.
You puncture the hound!
You kill the hound!
The iguana bites you!
The iguana bites you but does no damage. 😕 HP[-10]
You take 10 damage, and now have 46/58 hp.
You puncture the iguana!
You feel better.
The iguana bites you but does no damage. 😕 HP[+3]
You regained 3 hp, and now have 49/58 hp.
You closely miss the iguana. The iguana barely misses you. 😕 HP[+1]
You closely miss the iguana. The iguana bites you! 😮 HP[-10]
You take 10 damage, and now have 40/58 hp.
You are too injured to fight recklessly!
You are too injured to fight recklessly!
You are too injured to fight recklessly!
You barely miss the iguana. The iguana barely misses you.
You block the iguana's attack.
You hit the iguana but do no damage. The iguana bites you. 😮 HP[-4]
You take 4 damage, and now have 36/58 hp.
You barely miss the iguana.
The iguana bites you but does no damage. 😮 HP[+1]
You hit the iguana.
You feel better.
The iguana bites you but does no damage.
The iguana closely misses you. 😮 HP[+3]
You regained 3 hp, and now have 40/58 hp.
You puncture the iguana!
You feel better.
You kill the iguana! 😮 HP[+3]
You regained 3 hp, and now have 43/58 hp.
Key pressed, stopping explore.
You now have 222 gold pieces (gained 11).
Key pressed, stopping explore.
Key pressed, stopping explore.
Key pressed, stopping explore.
Key pressed, stopping explore.
U - a wand of charming (5) 😎 HP[+15]
Your hp is fully restored (58).
A wight comes into view. It is wielding a +0 battleaxe.
A wight is nearby!
A wight is nearby!
A wight is nearby!
A wight is nearby!
You reach to attack!
You closely miss the wight. You hit the wight. The wight barely misses you.
The wight closely misses you.
You hit the wight but do no damage. The wight hits you with a +0 battleaxe!
You feel drained. 😕 HP[-12]
You now have 56 max hp (-2).
You take 12 damage, and now have 46/56 hp.
MASSIVE DAMAGE!! (PAUSE)
You hit the wight but do no damage. The wight hits you with a +0 battleaxe!
You feel drained. 😮 HP[-17]
You now have 54 max hp (-2).
You take 17 damage, and now have 29/54 hp.
MASSIVE DAMAGE!! (PAUSE) 😮 HP[+1] 😮 HP[+1]
You feel very mighty all of a sudden. The wight closely misses you.
You puncture the wight! The wight hits you with a +0 battleaxe!
* * * LOW HITPOINT WARNING * * *
😨 HP[-14]
You take 14 damage, and now have 17/54 hp.
MASSIVE DAMAGE!! (PAUSE)
You closely miss the wight. The wight hits you with a +0 battleaxe!
* * * LOW HITPOINT WARNING * * *
The wight hits you with a +0 battleaxe!
You die...

Skill      XL: |  1  2  3  4  5  6  7 |
---------------+----------------------+-----
Shields        | 3 4 |  4.9
Armour         | 3 4 |  4.8
Dodging        | 1 2 3 |  3.9
Fighting       | 4 5 |  5.3
Axes           | |  1.7

Action                   |  1- 3 |  4- 6 |  7- 9 || total
-------------------------+-------+-------+-------++-------
Melee: War axe           |   101 |       |       ||   101
       Dagger            |    22 |       |       ||    22
       Trident           |     5 |   151 |   151 ||   307
  Use: Scroll            |       |       |     8 ||     8
       Potion            |       |       |     2 ||     2
Armor: Scale mail        |    61 |    72 |    55 ||   188
Dodge: Dodged            |    60 |    77 |    74 ||   211
Block: Buckler           |    35 |    31 |    49 ||   115

Levels and vault maps discovered:
D:1:      scummos_arrival_simple_crosswalls, layout_loops_cross, serial_forest,
          infiniplex_forest_clump_curved, infiniplex_forest_join,
          infiniplex_forest_diagonal, infiniplex_forest_clump_double,
          infiniplex_forest_lined_room_, infiniplex_forest_clump_medium,
          chequers_serial_rivers_micro_c, minmay_tromino_v4_b
D:2:      cheibrodos_greedy_goblins, layout_basic
D:3:      layout_basic, uniq_robin, uniq_natasha
D:4:      layout_loops_ring, gammafunk_ghost_stat_death, serial_shops,
          nicolae_inconvenience_store
D:5:      layout_basic, serial_shops, shop_statue, uniq_ijyb
D:6:      layout_loops_ring, lemuel_coloured_pillars_altar,
          mainiacjoe_overflow_alcove_1, gammafunk_ghost_smash, minivault_11,
          nicolae_specific_store, uniq_maggie, uniq_crazy_yiuf_cottage

Notes
Turn   | Place    | Note
-------+----------+-------------------------------------------
     0 | D:1      | mcwallace the Demonspawn Fighter began the quest for the
                  | Orb.
     0 | D:1      | Reached XP level 1. HP: 18/18 MP: 1/1
     0 | D:1      | magus.rc [v1.9.6]
   389 | D:1      | Gained mutation: You are partially covered in rugged brown
                  | scales. (AC +1, +3% HP) [demonic ancestry]
   389 | D:1      | Reached XP level 2. HP: 15/24 MP: 2/2
  1050 | D:1      | Reached skill level 3 in Shields
  1184 | D:2      | Reached skill level 3 in Armour
  1188 | D:2      | Reached skill level 1 in Dodging
  1269 | D:2      | Gained mutation: You are mostly covered in rugged brown
                  | scales. (AC +2, +5% HP) [demonic ancestry]
  1269 | D:2      | Reached XP level 3. HP: 22/30 MP: 3/3
  2303 | D:3      | Noticed Robin
  2303 | D:3      | Noticed a phantom
  2329 | D:3      | Gained mutation: You have a pair of small antennae on your
                  | head. [demonic ancestry]
  2329 | D:3      | Reached XP level 4. HP: 34/36 MP: 4/4
  2360 | D:3      | Killed a phantom
  2361 | D:3      | Reached skill level 2 in Dodging
  2361 | D:3      | Gained mutation: You have a pair of antennae on your head.
                  | [demonic ancestry]
  2361 | D:3      | Reached XP level 5. HP: 19/44 MP: 5/5
  2368 | D:3      | Killed Robin
  2637 | D:3      | Noticed Natasha
  2652 | D:3      | HP: 11/44 [Natasha (7)]
  2653 | D:3      | HP: 4/44 [orc/+2 vorpal falchion (2)]
  2660 | D:3      | Killed Natasha
  3051 | D:3      | Noticed Natasha
  3061 | D:3      | HP: 9/44 [Natasha (5)]
  3062 | D:3      | Killed Natasha
  3063 | D:3      | Reached skill level 4 in Fighting
  3433 | D:3      | Noticed Natasha
  3444 | D:3      | Killed Natasha
  3491 | D:3      | You pick up a book of Minor Magic and begin reading...
  3491 | D:3      | You add the spells Magic Dart, Call Imp and Mephitic Cloud
                  | to your library.
  3854 | D:4      | Noticed an ogre
  3861 | D:4      | Reached XP level 6. HP: 50/50 MP: 6/6
  3868 | D:4      | Reached skill level 4 in Armour
  3868 | D:4      | Reached skill level 4 in Shields
  4264 | D:4      | Noticed mcwallace's ghost (amateur TeSu)
  4294 | D:4      | Found a transporter.
  4399 | D:4      | Found Lumuf's Assorted Antiques.
  4511 | D:4      | Found a transporter.
  4542 | D:4      | Reached skill level 3 in Dodging
  4622 | D:4      | Reached XP level 7. HP: 57/57 MP: 7/7
  4800 | D:5      | Entered Level 5 of the Dungeon
  4812 | D:5      | Found Daof's General Store.
  5125 | D:5      | Noticed Ijyb
  5138 | D:5      | Killed Ijyb
  5234 | D:5      | HP: 12/57 [gnoll/+0 spear (6)]
  5239 | D:5      | HP: 14/57 [gnoll/+0 spear (4)]
  5242 | D:5      | Reached skill level 5 in Fighting
  5244 | D:5      | HP: 12/58 [gnoll/+0 club (1)]
  6256 | D:6      | HP: 2/54 [wight/+0 battleaxe (15)]
  6256 | D:6      | Mangled by a wight

Vanquished Creatures
  A black bear (D:4)
  An ogre (D:4)
  A phantom (D:3)
  A bullfrog (D:6)
  A scorpion (D:5)
  A howler monkey (D:5)
  2 hounds
  A jelly (D:5)
  A centaur zombie (D:5)
  A bullfrog skeleton (D:5)
  A gnoll shaman (D:5)
  Ijyb (D:5)
  An iguana (D:6)
  Natasha (thrice) (D:3)
  Robin (D:3)
  9 gnolls
  2 adders (D:4)
  A white imp (D:5)
  An adder skeleton (D:4)
  A dart slug (D:2)
  7 orcs
  9 ball pythons
  6 endoplasms
  2 giant cockroaches
  24 goblins
  12 hobgoblins
  A quokka (D:1)
  3 bats
  4 frilled lizards
  5 kobolds
  5 rats
110 creatures vanquished.

Vanquished Creatures (others)
  A plant (D:1)
1 creature vanquished.

Grand Total: 111 creatures vanquished

Table legend:
 A = Non-vault XP
 B = Vault XP
 C = Vault XP percentage of total XP
 D = Non-vault monster count
 E = Vault monster count
 F = Vault count percentage of total count
                 A         B        C        D         E       F
            +---------+---------+-------+---------+---------+-------
      Total |    1209 |     128 |   9.6 |      86 |      24 |  21.8
            +---------+---------+-------+---------+---------+-------
        D:1 |      26 |       3 |  10.3 |      17 |       2 |  10.5
        D:2 |      41 |      15 |  26.8 |      22 |       8 |  26.7
        D:3 |     199 |      72 |  26.6 |      13 |      13 |  50.0
        D:4 |     394 |       0 |   0.0 |      15 |       0 |   0.0
        D:5 |     384 |      38 |   9.0 |      16 |       1 |   5.9
        D:6 |     165 |       0 |   0.0 |       3 |       0 |   0.0
            +---------+---------+-------+---------+---------+-------

Illustrated notes

Table legend:
 A = Kills in this place as a percentage of kills in entire the game.
 B = Kills by you in this place as a percentage of kills by you in the entire game.
 C = Kills by friends in this place as a percentage of kills by friends in the entire game.
 D = Other kills in this place as a percentage of other kills in the entire game.
 E = Experience gained in this place as a percentage of experience gained in the entire game.
 F = Experience gained in this place divided by the number of levels of this place that you have seen.
                   A       B       C       D       E      F
               +-------+-------+-------+-------+-------+----------------------
         Total | 100.0 | 100.0 |   N/A |   N/A | 100.0 | 222.8
       Dungeon | 100.0 | 100.0 |   N/A |   N/A | 100.0 | 222.8
               +-------+-------+-------+-------+-------+----------------------

Table legend: (Time is in decaauts)
 A = Elapsed time spent in this place.
 B = Non-inter-level travel time spent in this place.
 C = Inter-level travel time spent in this place.
 D = Time resting spent in this place.
 E = Time spent auto-exploring this place.
 F = Levels seen in this place.
 G = Mean time per level.
                   A        B        C        D        E       F      G
               +--------+--------+--------+--------+--------+-----+--------+
         Total |   6406 |   6196 |    210 |    788 |   4408 |   6 | 1067.7 |
       Dungeon |   6406 |   6196 |    210 |    788 |   4408 |   6 | 1067.7 |
               +--------+--------+--------+--------+--------+-----+--------+

Top non-repeatable levels by time:
     D:3: 1656 daAuts
     D:4: 1351 daAuts
     D:1: 1195 daAuts
     D:2: 1038 daAuts
     D:5: 919 daAuts
     D:6: 245 daAuts
